 Dungeon Crawl Stone Soup version 0.18.1-48-g4cf74bf (webtiles) character file.

25600 Nahar the Tortoise (level 12, -15/101 HPs)
             Began as a Minotaur Berserker on Aug 23, 2016.
             Was a High Priest of Trog.
             Demolished by an azure jelly (42 damage)
             ... on level 6 of the Lair of Beasts on Aug 27, 2016.
             The game lasted 01:13:13 (16315 turns).

Nahar the Tortoise (Minotaur Berserker)            Turns: 16315, Time: 01:13:14

Health: -15/101    AC: 22    Str: 25    XL:     12   Next: 90%
Magic:  3/3        EV: 11    Int:  6    God:    Trog [*****.]
Gold:   1062       SH:  0    Dex: 12    Spells: 0 memorised, 11 levels left

rFire  . . .     SeeInvis .     e - +1 demon trident (antimagic)
rCold  . . .     Gourm    .     p - +2 plate armour
rNeg   . . .     Faith    .     (no shield)
rPois  +         Spirit   .     (helmet unavailable)
rElec  .         Dismiss  +     (no cloak)
rCorr  +         Reflect  .     Q - +0 pair of gloves
SustAt .         Harm     .     K - +0 pair of boots
MR     .....                    u - amulet of dismissal
Stlth  ..........               M - ring of poison resistance
                                i - ring of resist corrosion

@: not resistant to hostile enchantments, extremely unstealthy
A: retaliatory headbutt, horns 3, clever 1, frail 1
a: Berserk, Trog's Hand, Brothers in Arms, Burn Spellbooks, Renounce Religion


You were on level 6 of the Lair of Beasts.
You worshipped Trog.
Trog was extremely pleased with you.
You were not hungry.

You visited 2 branches of the dungeon, and saw 16 of its levels.
You also visited: Sewer and Ice Cave.

You collected 1062 gold pieces.

Inventory:

Hand Weapons
 a - a +0 spear
 c - a +0 trident of freezing
 e - a +1 antimagic demon trident (weapon)
 I - a +1 glaive
Armour
 g - a +0 pair of boots
 p - a +2 plate armour (worn)
 K - a +0 pair of boots (worn)
 Q - a +0 pair of gloves (worn)
 R - a +1 chain mail of fire resistance
Jewellery
 i - a ring of resist corrosion (left hand)
 t - an uncursed ring of magical power
 u - an amulet of dismissal (around neck)
 F - an uncursed ring of positive energy
 J - an uncursed ring of wizardry
 M - a ring of poison resistance (right hand)
 S - an uncursed ring of flight
Wands
 m - a wand of teleportation (9/9)
 r - a wand of heal wounds (6/9)
 v - a wand of flame (25/48)
 C - a wand of disintegration (5/24)
 D - a wand of polymorph (17/24)
 G - a wand of random effects (41/48)
 H - a wand of iceblast (10/15)
 U - a wand of lightning (8/15)
 W - a wand of random effects (21/48)
Scrolls
 j - 7 scrolls of teleportation
 n - 10 scrolls of remove curse
 x - 2 scrolls of magic mapping
 y - 6 scrolls of fog
Potions
 b - a potion of invisibility {unknown}
 d - 3 potions of resistance
 f - a potion of might {unknown}
 h - 4 potions of curing
 k - 4 potions of haste
 o - a potion of cure mutation {unknown}
 q - 3 potions of flight
 s - 2 potions of lignification
 w - 2 potions of mutation
 z - 2 potions of magic {unknown}
 A - 2 potions of brilliance {unknown}
 E - 2 potions of berserk rage
 L - 2 potions of degeneration {unknown}
 O - a potion of ambrosia {unknown}
 T - 2 potions of agility {unknown}
Miscellaneous
 P - a box of beasts
Comestibles
 l - 8 bread rations
 B - 17 fruits
 N - 2 slices of pizza
 V - 2 meat rations


   Skills:
 + Level 12.4 Fighting
 + Level 13.9 Polearms
 * Level 16.2 Armour
 + Level 6.6 Dodging
 - Level 1.8 Stealth
 + Level 1.2 Evocations


You had 11 spell levels left.
You didn't know any spells.

Dungeon Overview and Level Annotations

Branches:
Dungeon (10/15)            Temple (0/1) D:6            Lair (6/8) D:10
  Snake (0/4) Lair:5        Slime (0/6) Lair:6
  Swamp: Lair:3-6    Shoals: Lair:3-6       Orc: D:9-12

Altars:
Fedhas
Kikubaaqudgha
Qazlal
Ru
Sif Muna
Vehumet
Xom
Yredelemnul
Zin
The Shining One
Jiyva


Innate Abilities, Weirdness & Mutations

You reflexively headbutt those who attack you in melee.
You have a pair of large horns on your head.
Your mind is acute. (Int +2)
You are frail (-10% HP).


Message History

The azure jelly is almost dead.
The azure jelly jiggles.
The azure jelly hits you but does no damage.
The azure jelly hits you. The azure jelly freezes you!!
The azure jelly completely misses you. The azure jelly closely misses you.
You puncture the azure jelly! You headbutt the azure jelly.
The azure jelly is almost dead.
You hit the azure jelly.
The azure jelly is almost dead.
The azure jelly closely misses you. The azure jelly hits you.
The azure jelly freezes you!!
* * * LOW HITPOINT WARNING * * *
The azure jelly hits you but does no damage.
The azure jelly barely misses you. The azure jelly barely misses you.
You furiously retaliate!
You headbutt the azure jelly, but do no damage.
The azure jelly hits you.
* * * LOW HITPOINT WARNING * * *
The azure jelly freezes you!!!
You die...

### ###### #### #.#####
##P##.###..## ##.#...#
###P.##..#..#.####..'_.>#
P..............##..J#...#
....P##..#.P......J.#####
....J.P.#
...PP..#........@....#
...PPP.#..............PP#
.[.P..................PPP
.......>....#..###.###P...
....#......#.... #.P #.#.
......##........ ..## .#
......#........ .. P.....
..... P ......


You could see 3 azure jellies.

Vanquished Creatures
  Gastronok (Lair:3)
  A hydra (Lair:5)
  3 death yaks
  A hill giant (D:8)
  A black mamba (Lair:2)
  An elephant (D:10)
  8 spiny frogs
  7 komodo dragons
  3 ice devils
  A spriggan druid (Lair:4)
  A polar bear (Lair:4)
  Grinder (D:4)
  11 blink frogs
  22 yaks
  Grum (D:9)
  5 hippogriffs
  2 hungry ghosts
  A basilisk (Lair:6)
  2 nagas (Lair:5)
  7 water moccasins
  6 porcupines
  2 sky beasts
  3 ice beasts (D:9)
  A black bear (Lair:4)
  3 phantoms
  3 wolves
  2 ogres
  2 centaurs
  6 crocodiles
  Blork the orc (D:5)
  A big kobold (D:8)
  18 giant frogs
  3 scorpions
  3 wights (D:9)
  A howler monkey (D:9)
  An electric eel (Lair:1)
  A centaur zombie (D:9)
  A crimson imp (D:6)
  A giant frog zombie (D:9)
  6 hounds
  3 jellies
  5 orc wizards
  A centaur skeleton (D:8)
  5 orc priests
  Crazy Yiuf (D:2)
  Ijyb (D:2)
  11 iguanas
  6 worker ants
  Natasha (thrice) (D:3)
  14 sheep
  2 hound skeletons
  8 gnolls
  57 river rats
  17 adders
  A shadow imp (D:5)
  3 oozes
  An adder skeleton (D:9)
  An adder zombie (D:9)
  3 worms
  A dart slug (D:3)
  A giant gecko (D:2)
  14 orcs
  11 ball pythons (Sewer)
  4 giant cockroaches
  12 goblins
  9 hobgoblins
  2 jackals (D:4)
  A quokka (D:7)
  4 bats
  A giant cockroach zombie (D:6)
  A giant gecko skeleton (D:4)
  7 giant newts
  6 kobolds
  29 rats
  A plant (Lair:4)
392 creatures vanquished.

Vanquished Creatures (collateral kills)
  A komodo dragon (Lair:6)
  A polar bear (Lair:6)
  4 blink frogs (Lair:6)
  4 yaks (Lair:6)
  A sky beast (D:9)
  A wolf (D:9)
  A crocodile (Lair:6)
13 creatures vanquished.

Vanquished Creatures (others)
  8 fungi
  3 plants
11 creatures vanquished.

Grand Total: 416 creatures vanquished

Notes
Turn   | Place    | Note
--------------------------------------------------------------
     0 | D:1      | Nahar the Minotaur Berserker began the quest for the Orb.
     0 | D:1      | Reached XP level 1. HP: 19/19 MP: 0/0
   268 | D:1      | Reached XP level 2. HP: 27/27 MP: 1/1
   729 | D:1      | Reached ** piety under Trog
   793 | D:1      | Reached XP level 3. HP: 33/33 MP: 2/2
  1376 | D:2      | Noticed Crazy Yiuf
  1383 | D:2      | Killed Crazy Yiuf
  1383 | D:2      | Reached XP level 4. HP: 18/41 MP: 3/3
  1615 | D:2      | Reached skill level 5 in Polearms
  1672 | D:2      | Reached skill level 3 in Armour
  1698 | D:2      | Noticed Ijyb
  1705 | D:2      | Killed Ijyb
  1705 | D:2      | Reached XP level 5. HP: 37/47 MP: 4/4
  1756 | D:2      | You fall through a shaft!
  2091 | D:3      | Found a glowing golden altar of the Shining One.
  2140 | D:3      | Noticed Natasha
  2159 | D:3      | Killed Natasha
  2278 | D:3      | Noticed Natasha
  2288 | D:3      | Killed Natasha
  2483 | D:3      | Noticed Natasha
  2487 | D:3      | Killed Natasha
  2591 | D:4      | Reached XP level 6. HP: 29/55 MP: 5/5
  2603 | D:4      | Reached skill level 5 in Fighting
  2828 | D:4      | Noticed Grinder
  2833 | D:4      | Paralysed by Grinder for 3 turns
  2842 | D:4      | Killed Grinder
  2842 | D:4      | Reached skill level 4 in Armour
  2852 | D:4      | Reached XP level 7. HP: 49/61 MP: 6/6
  2930 | D:4      | Found a shimmering altar of Xom.
  2958 | D:4      | Reached skill level 5 in Armour
  3072 | D:4      | Reached *** piety under Trog
  3351 | D:5      | Entered Level 5 of the Dungeon
  3520 | D:5      | Reached skill level 5 in Dodging
  3562 | D:5      | Found a glowing drain.
  3570 | Sewer    | Entered a sewer
  3895 | Sewer    | Reached **** piety under Trog
  4008 | Sewer    | Reached skill level 6 in Armour
  4009 | Sewer    | Reached XP level 8. HP: 21/71 MP: 7/7
  4331 | D:5      | Noticed Blork the orc
  4342 | D:5      | Killed Blork the orc
  4901 | D:5      | Found a sacrificial altar of Ru.
  5245 | D:6      | Found a staircase to the Ecumenical Temple.
  5412 | D:6      | Reached skill level 7 in Armour
  5784 | D:6      | Found a basalt altar of Yredelemnul.
  5784 | D:6      | Found a stormy altar of Qazlal.
  6625 | D:7      | Reached skill level 1 in Stealth
  6655 | D:7      | Found a deep blue altar of Sif Muna.
  6666 | D:7      | Found an ancient bone altar of Kikubaaqudgha.
  6668 | D:7      | Reached skill level 8 in Armour
  6672 | D:7      | Found a radiant altar of Vehumet.
  6744 | D:8      | Reached XP level 9. HP: 75/80 MP: 8/8
  6923 | D:8      | Found a blossoming altar of Fedhas.
  7209 | D:8      | Reached ***** piety under Trog
  7481 | D:8      | Noticed a hill giant
  7533 | D:8      | Killed a hill giant
  7533 | D:8      | Reached skill level 9 in Armour
  7852 | D:9      | Reached skill level 10 in Armour
  7864 | D:9      | Reached skill level 1 in Evocations
  7932 | D:9      | Reached skill level 10 in Polearms
  8125 | D:9      | Noticed Grum
  8141 | D:9      | Reached XP level 10. HP: 50/90 MP: 9/9
  8144 | D:9      | Killed Grum
  8580 | D:10     | Entered Level 10 of the Dungeon
  8704 | D:10     | Found a glowing silver altar of Zin.
  8805 | D:10     | Found a staircase to the Lair.
  8805 | D:10     | Noticed an elephant
  8805 | D:10     | Noticed a death yak
  8824 | D:10     | Killed a death yak
  8824 | D:10     | Reached skill level 11 in Armour
  8838 | D:10     | Killed an elephant
  9128 | Lair:1   | Entered Level 1 of the Lair of Beasts
  9129 | Lair:1   | Noticed a spiny frog
  9143 | Lair:1   | Killed a spiny frog
  9154 | Lair:1   | Reached skill level 10 in Fighting
  9359 | Lair:1   | Reached skill level 12 in Armour
 10600 | Lair:1   | Noticed a spiny frog
 10641 | Lair:1   | Reached XP level 11. HP: 91/100 MP: 10/10
 10836 | Lair:2   | Found a frozen archway.
 10849 | IceCv    | Entered an ice cave
 11312 | Lair:2   | Reached skill level 13 in Armour
 11335 | Lair:2   | Noticed a six-headed hydra
 12306 | Lair:3   | Noticed Gastronok
 12336 | Lair:3   | Killed Gastronok
 12336 | Lair:3   | Reached skill level 14 in Armour
 13121 | Lair:3   | Gained mutation: You have a pair of large horns on your head. [potion of mutation]
 13121 | Lair:3   | Gained mutation: Your mind is acute. (Int +2) [potion of mutation]
 13121 | Lair:3   | Gained mutation: You are frail (-10% HP). [potion of mutation]
 13712 | Lair:4   | Noticed a death yak
 13712 | Lair:4   | Noticed a death yak
 13712 | Lair:4   | Noticed a death yak
 13745 | Lair:3   | Killed a death yak
 13760 | Lair:3   | Killed a death yak
 13760 | Lair:3   | Reached XP level 12. HP: 37/99 MP: 11/11
 14037 | Lair:4   | Reached skill level 15 in Armour
 15020 | Lair:5   | Received a gift from Trog
 15042 | Lair:5   | Reached ****** piety under Trog
 15163 | Lair:5   | Found a staircase to the Snake Pit.
 15548 | Lair:5   | Noticed an eight-headed hydra
 15566 | Lair:5   | Killed an eight-headed hydra
 15706 | Lair:6   | Reached skill level 16 in Armour
 16302 | Lair:6   | Found a runed door.
 16302 | Lair:6   | Found a viscous altar of Jiyva.
 16302 | Lair:6   | Noticed an azure jelly
 16302 | Lair:6   | Noticed an azure jelly
 16302 | Lair:6   | Noticed an azure jelly
 16303 | Lair:6   | Found a staircase to the Slime Pits.
 16315 | Lair:6   | Demolished by an azure jelly

Skill      XL: |  1  2  3  4  5  6  7  8  9 10 11 12 |
---------------+-------------------------------------+-----
Polearms       | 4 5 7 8 10 11 12 13 | 13.9
Fighting       | 4 5 6 7 8 10 11 12 | 12.4
Armour         | 3 4 6 8 10 12 14 16 | 16.2
Dodging        | 3 4 5 6 |  6.6
Stealth        | 1 |  1.8
Evocations     | 1 |  1.2

Action                   |  1- 3 |  4- 6 |  7- 9 | 10-12 || total
-------------------------+-------+-------+-------+-------++-------
Melee: Spear             |    83 |   126 |   655 |     2 ||   866
       Headbutt          |    11 |    21 |   121 |   187 ||   340
       Trident           |       |       |       |   597 ||   597
       Glaive            |       |       |       |    54 ||    54
       Demon trident     |       |       |       |   186 ||   186
Invok: Berserk           |     1 |       |     2 |     4 ||     7
       Trog's Hand       |       |     3 |     3 |     5 ||    11
       Brothers in Arms  |       |       |     1 |     1 ||     2
       Burn Spellbooks   |       |       |       |     2 ||     2
Evoke: Wand              |       |       |     5 |       ||     5
  Use: Scroll            |     4 |     3 |    10 |    15 ||    32
       Potion            |       |       |       |     9 ||     9
  Eat: Bread ration      |     1 |       |       |     5 ||     6
       Fruit             |       |     4 |       |    13 ||    17
       Meat ration       |       |       |     4 |     2 ||     6
       Pizza             |       |       |       |     2 ||     2
       Beef jerky        |       |       |       |     5 ||     5
       Chunk             |       |       |       |     1 ||     1
Armor: Animal skin       |     3 |       |       |       ||     3
       Leather armour    |    11 |     9 |       |       ||    20
       Plate armour      |       |    28 |   331 |   396 ||   755
       Ring mail         |       |     8 |       |       ||     8
Dodge: Dodged            |    28 |    72 |   200 |   302 ||   602
